 Dungeon Crawl Stone Soup version 0.25-a0-404-gc1b5a34292 (webtiles) character file.

Game seed: 2398110843403914792, levelgen mode: deterministic

135605 ReteAZ the Pulveriser (level 17, -8/104 HPs)
             Began as a Gargoyle Gladiator on Jan 12, 2020.
             Was the Champion of Okawaru.
             Blown up by an orb spider (35 damage)
             ... with an orb of destruction
             ... on level 2 of the Spider Nest.
             The game lasted 01:24:28 (30613 turns).

ReteAZ the Pulveriser (Gargoyle Gladiator)         Turns: 30613, Time: 01:24:29

Health: -8/104     AC: 37    Str: 29    XL:     17   Next: 19%
Magic:  19/19      EV: 17    Int: 13    God:    Okawaru [******]
Gold:   1332       SH:  0    Dex: 15    Spells: 22/22 levels left

rFire    . . .     SeeInvis .   I - +7 lajatang "Ymum" {speed, *Noise rC+++ Str+5}
rCold    + + +     Gourm    .   (shield currently unavailable)
rNeg     + + .     Faith    .   x - +7 ice dragon scales of Rueceila {rF- rC++ rN+}
rPois    ∞         Spirit   .   d - +2 helmet {Int+3}
rElec    +         Reflect  .   k - scarf {cloud immunity}
rCorr    .         Harm     .   Y - -2 pair of gloves "Zuemeigu" {Slay+2}
MR       ++...                  J - +0 pair of boots
Stlth    ..........             (no amulet)
HPRegen  0.27/turn              y - ring of protection from magic
MPRegen  0.16/turn              V - ring of protection from fire

@: flying
A: big wings, agile 2, low mp 1, negative energy resistance 1, electricity
resistance, unbreathing, petrification resistance, rot immunity, AC +12
a: Stop Flying, Heroism, Finesse, Renounce Religion


You were on level 2 of the Spider Nest.
You worshipped Okawaru.
Okawaru was exalted by your worship.
You were very hungry.

You visited 4 branches of the dungeon, and saw 25 of its levels.
You also visited: Sewer, Bailey, Gauntlet and Ice Cave.

You collected 2833 gold pieces.
You spent 1501 gold pieces at shops.

Inventory:

Hand Weapons
 I - the +7 lajatang "Ymum" (weapon) {speed, *Noise rC+++ Str+5}
   (Okawaru gifted it to you on level 2 of the Lair of Beasts)

   Attacks with this weapon are significantly faster.
   It affects your strength (+5).
   It renders you almost immune to cold.
   It may make noises in combat.
 X - a +0 quarterstaff of freezing
Missiles
 h - a throwing net
 s - 4 javelins (quivered)
 F - 15 silver javelins
 L - 2 boomerangs of dispersal
Armour
 d - a +2 helmet of intelligence (worn)
 k - a scarf of cloud immunity (worn)
 x - the +7 ice dragon scales of Rueceila (worn) {rF- rC++ rN+}
   (You found it in an ice cave)

   It makes you vulnerable to fire.
   It greatly protects you from cold.
   It protects you from negative energy.
 J - a +0 pair of boots (worn)
 Y - the -2 pair of gloves "Zuemeigu" (worn) {Slay+2}
   (You found it on level 4 of the Lair of Beasts)

   It affects your accuracy and damage with ranged weapons and melee attacks
   (+2).
Jewellery
 b - an uncursed ring of protection from cold
 y - a ring of protection from magic (left hand)
 P - an uncursed ring of ice
 V - a ring of protection from fire (right hand)
Wands
 l - a wand of paralysis (26)
 t - a wand of enslavement (31)
 v - a wand of flame (24)
 w - a wand of polymorph (35)
 K - a wand of disintegration (31)
 N - a wand of digging (3)
 R - a wand of iceblast (24)
 S - a wand of acid (15)
Scrolls
 g - a scroll of enchant weapon
 i - 18 scrolls of identify
 j - 20 scrolls of teleportation
 m - 4 scrolls of fog
 p - 11 scrolls of remove curse
 r - a scroll of fear
 E - 3 scrolls of blinking
 G - 8 scrolls of enchant armour
 T - 2 scrolls of magic mapping
Potions
 a - 3 potions of heal wounds
 n - 6 potions of curing
 o - a potion of ambrosia
 u - a potion of agility
 z - 4 potions of might
 C - a potion of haste
 M - 2 potions of resistance
 Q - a potion of invisibility
 U - 2 potions of berserk rage
Comestibles
 f - 33 rations


   Skills:
 - Level 11.3 Fighting
 - Level 21.2 Staves
 - Level 2.0 Throwing
 - Level 11.1 Armour
 + Level 11.0 Dodging
 - Level 3.2 Spellcasting
 - Level 6.0 Invocations


You had 22 spell levels left.
You didn't know any spells.
Your spell library contained the following spells:

 Spells                   Type           Power        Failure   Level  Hunger
 Animate Skeleton         Necr           N/A          43%         1    #......
 Apportation              Tloc           #.....       43%         1    #......
 Corona                   Hex            #......      43%         1    #......
 Foxfire                  Conj/Fire      #...         43%         1    #......
 Infusion                 Chrm           #...         43%         1    #......
 Pain                     Necr           #...         43%         1    #......
 Summon Small Mammal      Summ           #...         43%         1    #......
 Corpse Rot               Necr/Air       N/A          56%         2    ##.....
 Ensorcelled Hibernation  Hex/Ice        #.....       56%         2    ##.....
 Poisonous Vapours        Pois/Air       #.....       56%         2    ##.....
 Shroud of Golubria       Chrm/Tloc      #.....       56%         2    ##.....
 Song of Slaying          Chrm           #.......     56%         2    ##.....
 Confusing Touch          Hex            #.......     80%         3    ###....
 Conjure Flame            Conj/Fire      #.......     80%         3    ###....
 Dazzling Flash           Conj/Hex       #.....       80%         3    ###....
 Inner Flame              Hex/Fire       #.......     80%         3    ###....
 Mephitic Cloud           Conj/Pois/Air  #.......     80%         3    ###....
 Ozocubu's Armour         Chrm/Ice       #.......     80%         3    ###....
 Spectral Weapon          Hex/Chrm       #.......     80%         3    ###....
 Stone Arrow              Conj/Erth      #.....       80%         3    ###....
 Tukima's Dance           Hex            #.......     80%         3    ###....
 Vampiric Draining        Necr           #.........   80%         3    ###....
 Animate Dead             Necr           N/A          99%         4    #####..
 Cause Fear               Hex            #.........   99%         4    #####..
 Sticky Flame             Conj/Fire      #.......     99%         4    #####..
 Agony                    Necr           #.......     100%        5    ######.
 Fireball                 Conj/Fire      #.........   100%        5    ######.
 Irradiate                Conj/Tmut      #.........   100%        5    ######.
 Silence                  Hex/Air        #.........   100%        5    ######.
 Summon Forest            Summ/Tloc      #.........   100%        5    ######.
 Yara's Violent Unravell  Hex/Tmut       #.........   100%        5    ######.
 Deflect Missiles         Chrm/Air       #.........   100%        6    #######
 Eringya's Noxious Bog    Tmut/Pois      #.........   100%        6    #######
 Freezing Cloud           Conj/Ice/Air   #.........   100%        6    #######
 Hydra Form               Tmut           #.........   100%        6    #######
 Dragon Form              Tmut           #.........   100%        7    #######
 Ring of Flames           Chrm/Fire      #.........   100%        7    #######
 Summon Hydra             Summ           #.........   100%        7    #######
 Discord                  Hex            #.........   100%        8    #######
 Statue Form              Tmut/Erth      Unusable     N/A         6    N/A

Dungeon Overview and Level Annotations

Branches:
Dungeon (15/15)            Temple (0/1) D:6            Lair (6/6) D:11
 Shoals (0/4) Lair:4       Spider (2/4) Lair:3        Slime (0/5) Lair:5
    Orc (2/2) D:12            Elf (0/3) Orc:2        Vaults (0/5) D:14
 Depths (0/5) D:15          Sewer (visited)          Bailey (visited)
  IceCv (visited)         Gauntlet (visited)

Altars:
Elyvilon
Kikubaaqudgha
Makhleb
Nemelex Xobeh
Okawaru
Qazlal
Ru
Sif Muna
Uskayaw
Vehumet
Beogh
Jiyva

Shops:
D:4 [   D:5 %   D:7 %:!:=   Orc:1 %   Orc:2 ?[[(

Annotations:
D:4 Edmund, Sigmund
D:11 exclusion: oklob sapling
D:15 Roxanne
Lair:1 exclusion: oklob plant
Lair:6 2 transporters, exclusion: 2 oklob plants, kosh's ghost, journeyman BaIE


Innate Abilities, Weirdness & Mutations

You are resistant to torment.
Your stone body is resilient. (AC +12)
You are immune to poison.
Your large and strong wings let you fly indefinitely.
You resist negative energy. (rN+)
You are resistant to electric shocks. (rElec)
You can survive without breathing.
You are immune to petrification.
You are immune to rotting.
You are very agile. (Dex +4)
Your magical capacity is low. (-10% MP)


Message History

Press: ? - help, Shift-Dir - straight line, f/p - orb spider
Aim: an orb spider (heavily wounded, fully charged)
You throw a javelin.
The javelin pierces through the orb spider!
The orb spider is severely wounded.
Throwing (i - inventory. (/) - cycle)
s - 6 javelins (quivered)
Press: ? - help, Shift-Dir - straight line, f/p - orb spider
Aim: an orb spider (severely wounded, fully charged)
You throw a javelin.
The javelin pierces through the orb spider but does no damage.
The orb spider is severely wounded.
The orb spider weaves a glowing orb of energy.
An orb of destruction comes into view.
Throwing (i - inventory. (/) - cycle)
s - 5 javelins (quivered)
Press: ? - help, Shift-Dir - straight line, f/p - orb spider
Aim: an orb spider (severely wounded)
You throw a javelin.
The javelin closely misses the orb spider.
The orb of destruction hits you!!
You die...

.. . #. ##
..#..#.
#[..#.
#....####
.%.#
#.....#.#
[...
#.......#
a..#
##.###@○.##
##...#.
#^.#.###○s#
# .......
##..s....(#
.


aaa.# .a#.####..## s#aa# #^#.#.# .....# #†# .###.#.#.s#####..#. ##
a####.#.###.^.. .#..#.###.. a†asa......###s###...#..^.s ^###..####.##
...#...#.... You could see an orb spider.

Vanquished Creatures
  A frost giant (D:15)
  An orc warlord (Orc:2)
  An ironheart preserver (D:14)
  3 entropy weavers
  Azrael (D:14)
  A minotaur (Gauntlet)
  The ghost of Noxiv the Cleaver, a journeyman FoFi of Hepliaklqana (Lair:4)
  Josephine (D:10)
  Fannar (Lair:3)
  8 hydras
  A catoblepas (Lair:6)
  A centaur warrior (D:15)
  5 two-headed ogres
  21 death yaks
  A hell hog (Gauntlet)
  2 tengu warriors
  3 orc high priests (Orc:2)
  Sonja (Lair:2)
  2 unseen horrors
  A wolf spider zombie (D:13)
  6 orb spiders
  9 ugly things
  2 orc knights
  A deep elf mage (D:14)
  2 orc sorcerers (Orc:2)
  14 wolf spiders
  6 cyclopes
  2 manticores
  3 elephants (Lair:4)
  A moth of wrath (Spider:1)
  4 centaur zombies
  3 ice statues (IceCv)
  7 black mambas
  2 torpor snails
  2 gargoyles
  26 spiny frogs
  3 rime drakes
  A yaktaur (D:15)
  A kobold demonologist (D:14)
  3 komodo dragons
  2 ice devils (D:14)
  10 demonic crawlers
  8 trolls
  25 jumping spiders
  A tengu conjurer (Gauntlet)
  4 tyrant leeches (Lair:6)
  12 hippogriffs
  2 hornets
  44 blink frogs
  A meliai zombie (D:15)
  2 slime creatures (Gauntlet)
  7 dream sheep
  A harpy skeleton (D:15)
  2 spectral black mambas (Lair:4)
  35 redbacks
  20 tarantellas
  3 wraiths (D:10)
  4 wyverns
  4 shadows
  33 yaks
  6 fire bats
  5 hungry ghosts
  A vampire (D:12)
  3 basilisks
  3 fire elementals
  6 vampire mosquitoes (Lair:6)
  6 wargs
  6 soldier ants (Spider:2)
  15 water moccasins
  2 hydra simulacra (Lair:4)
  6 hell hounds
  12 porcupines
  30 orc warriors
  2 sky beasts
  11 ice beasts
  A black bear (D:11)
  4 phantoms
  2 necrophages
  11 ogres
  16 crocodiles
  8 centaurs
  A big kobold (D:10)
  26 bullfrogs
  A gnoll sergeant (D:11)
  7 scorpions
  3 wyvern skeletons
  16 killer bees
  9 wights
  5 howler monkeys
  An electric eel (Lair:6)
  A torpor snail simulacrum (Lair:4)
  7 crimson imps
  4 jellies
  A fire crab simulacrum (Lair:4)
  A lava snake (Lair:6)
  7 hounds
  11 centaur skeletons
  21 orc priests
  27 orc wizards
  4 bullfrog skeletons
  Terence (D:3)
  31 worker ants
  6 iguanas
  A merfolk siren (Sewer)
  A merfolk avatar (Sewer)
  2 hound zombies
  A hound skeleton (D:6)
  2 worker ant zombies
  A howler monkey zombie (D:7)
  14 gnolls
  13 adders
  7 river rats
  6 shadow imps
  An ooze (D:3)
  2 adder skeletons
  3 worms
  2 dart slugs
  9 leopard geckos
  115 orcs
  6 bats
  12 giant cockroaches
  3 goblins
  7 hobgoblins
  16 jackals
  6 quokkas
  11 ball pythons
  10 frilled lizards
  A jackal skeleton (D:4)
  19 kobolds
  A quokka skeleton (D:5)
  32 rats
  A plant (D:11)
1027 creatures vanquished.

Vanquished Creatures (collateral kills)
  A redback zombie (D:14)
1 creature vanquished.

Vanquished Creatures (others)
  A worker ant (Spider:2)
  4 bushes
  7 demonic plants (Gauntlet)
  13 fungi
  50 plants
75 creatures vanquished.

Grand Total: 1103 creatures vanquished

Notes
Turn   | Place    | Note
-------+----------+-------------------------------------------
     0 | D:1      | ReteAZ the Gargoyle Gladiator began the quest for the Orb.
     0 | D:1      | Reached XP level 1. HP: 12/12 MP: 1/1
   160 | D:1      | Reached XP level 2. HP: 17/17 MP: 2/2
   559 | D:1      | Reached skill level 4 in Staves
   559 | D:1      | Reached XP level 3. HP: 18/21 MP: 3/3
  1208 | D:2      | Reached XP level 4. HP: 26/26 MP: 4/4
  1371 | D:3      | Found a hide-covered altar of Uskayaw.
  1393 | D:3      | Reached skill level 5 in Staves
  1496 | D:3      | Noticed Terence
  1502 | D:3      | Reached XP level 5. HP: 30/30 MP: 5/5
  1632 | D:3      | HP: 1/30 [orc/+0 mace (1)]
  2075 | D:3      | Reached skill level 6 in Staves
  2469 | D:3      | Reached XP level 6. HP: 35/35 MP: 6/6
  2506 | D:3      | Found a hide-covered altar of Uskayaw.
  2553 | D:3      | Killed Terence
  2848 | D:4      | Found an iron altar of Okawaru.
  2848 | D:4      | Found a radiant altar of Vehumet.
  2856 | D:4      | Became a worshipper of Warmaster Okawaru
  3102 | D:4      | Reached skill level 7 in Staves
  3103 | D:4      | Gained mutation: Your magical capacity is low. (-10% MP)
                  | [potion of mutation]
  3103 | D:4      | Gained mutation: You are agile. (Dex +2) [potion of
                  | mutation]
  3103 | D:4      | Gained mutation: You are very agile. (Dex +4) [potion of
                  | mutation]
  3366 | D:4      | Found Qiro's Antique Armour Shop.
  3484 | D:4      | Found a glowing drain.
  3543 | Sewer    | Entered a sewer
  3795 | Sewer    | Reached XP level 7. HP: 39/40 MP: 6/6
  4022 | Sewer    | Reached skill level 8 in Staves
  4514 | D:4      | Noticed Edmund
  4514 | D:4      | Noticed Sigmund
  4522 | D:5      | Entered Level 5 of the Dungeon
  4538 | D:5      | Reached * piety under Okawaru
  4848 | D:5      | Reached skill level 9 in Staves
  4856 | D:5      | Reached XP level 8. HP: 36/45 MP: 7/7
  4865 | D:5      | Reached skill level 1 in Invocations
  4968 | D:5      | Found a shimmering blue altar of Sif Muna.
  5000 | D:5      | Found Miteme Okok's Food Emporium.
  5071 | D:5      | Reached skill level 1 in Armour
  5317 | D:5      | Found a burning altar of Makhleb.
  5475 | D:6      | Found a staircase to the Ecumenical Temple.
  5498 | D:6      | Reached ** piety under Okawaru
  5522 | D:6      | Found a stormy altar of Qazlal.
  5524 | D:6      | Noticed an air elemental
  5525 | D:6      | Noticed a water elemental
  5570 | D:6      | Found a white marble altar of Elyvilon.
  6114 | D:5      | Reached XP level 9. HP: 16/52 MP: 10/10
  6399 | D:6      | Reached skill level 10 in Staves
  6538 | D:6      | Reached *** piety under Okawaru
  7162 | D:7      | Found Epazongo's Jewellery Shoppe.
  7171 | D:7      | Identified a scroll of acquirement
  7247 | D:4      | Bought a runed plate armour for 676 gold pieces
  7247 | D:4      | Bought a pair of runed gloves for 195 gold pieces
  7247 | D:4      | Bought a cloak for 117 gold pieces
  7447 | D:7      | Reached skill level 5 in Fighting
  7676 | D:7      | Found an ancient bone altar of Kikubaaqudgha.
  7759 | D:7      | Found Emietsic's Distillery.
  7763 | D:7      | Bought a potion of heal wounds for 65 gold pieces
  8037 | D:7      | Found Arhasy's Book Shoppe.
  8069 | D:7      | Found Bipu's Food Shop.
  8134 | D:7      | Reached **** piety under Okawaru
  8151 | D:7      | Reached skill level 5 in Invocations
  8256 | D:7      | Reached skill level 11 in Staves
  8301 | D:7      | Reached XP level 10. HP: 59/59 MP: 12/12
  8343 | D:7      | Received a gift from Okawaru
  8343 | D:7      | Reached skill level 5 in Armour
  8538 | D:7      | Found Zesibliy's Book Emporium.
  8690 | D:8      | Killed an unseen horror
  8710 | D:8      | Received a gift from Okawaru
  9348 | D:9      | Found a sparkling altar of Nemelex Xobeh.
  9467 | D:9      | Reached ***** piety under Okawaru
  9580 | D:9      | HP: 1/61 [orc warrior/+3 halberd of venom (9)]
  9582 | D:9      | Reached skill level 12 in Staves
  9993 | D:9      | Got a serpentine lead ring
 10631 | D:10     | Entered Level 10 of the Dungeon
 10631 | D:10     | Found a flagged portal.
 10638 | D:10     | Noticed Josephine
 10678 | D:10     | Reached XP level 11. HP: 41/67 MP: 4/13
 10685 | D:10     | Killed Josephine
 10764 | Bailey   | Entered a bailey
 10932 | Bailey   | Identified the ring "Weum" {rPois rN+ MR- Dex+3 Stlth+}
                  | (You found it on level 9 of the Dungeon)
 11303 | D:10     | Noticed a two-headed ogre
 11315 | D:10     | Killed a two-headed ogre
 11632 | D:10     | Reached skill level 13 in Staves
 12190 | D:11     | Noticed a purple ugly thing
 12204 | D:11     | Killed a purple ugly thing
 12204 | D:11     | Received a gift from Okawaru
 12490 | D:11     | Reached ****** piety under Okawaru
 12496 | D:11     | Noticed a cyan ugly thing
 12522 | D:11     | Killed a cyan ugly thing
 12703 | D:11     | Received a gift from Okawaru
 12717 | D:11     | Got a scorched buckler {god gift}
 12739 | D:11     | Identified the +0 buckler of Gluttony {*Contam rPois rC++
                  | Str+4} (Okawaru gifted it to you on level 11 of the
                  | Dungeon)
 12778 | D:11     | Found a staircase to the Lair.
 13161 | D:11     | Killed an unseen horror
 13306 | D:11     | Reached XP level 12. HP: 70/76 MP: 2/14
 13539 | Lair:1   | Entered Level 1 of the Lair of Beasts
 13610 | Lair:1   | Reached skill level 14 in Staves
 13913 | Lair:1   | Reached skill level 1 in Spellcasting
 14766 | Lair:1   | Reached skill level 10 in Fighting
 15133 | Lair:2   | Noticed an eight-headed hydra
 15272 | Lair:2   | Killed an eight-headed hydra
 15299 | Lair:2   | Reached skill level 10 in Armour
 15405 | Lair:2   | Noticed a death yak
 15419 | Lair:2   | Noticed a death yak
 15423 | Lair:2   | Noticed a death yak
 15423 | Lair:2   | Noticed a death yak
 15433 | Lair:2   | Received a gift from Okawaru
 15440 | Lair:2   | Killed a death yak
 15443 | Lair:2   | Noticed a death yak
 15459 | Lair:2   | Killed a death yak
 15472 | Lair:2   | Killed a death yak
 15493 | Lair:2   | Killed a death yak
 15510 | Lair:2   | Killed a death yak
 15514 | Lair:2   | Reached XP level 13. HP: 16/84 MP: 4/16
 15943 | Lair:2   | Noticed Sonja
 15963 | Lair:2   | Killed Sonja
 16043 | Lair:2   | Received a gift from Okawaru
 16046 | Lair:2   | Got a fine lajatang {god gift}
 16047 | Lair:2   | Identified the +7 lajatang "Ymum" {speed, *Noise rC+++
                  | Str+5} (Okawaru gifted it to you on level 2 of the Lair of
                  | Beasts)
 16134 | Lair:2   | Got a heavily runed golden ring
 16136 | Lair:2   | Identified the ring "Qouvinub" {rElec SInv} (You found it
                  | on level 2 of the Lair of Beasts)
 16486 | Lair:3   | Found a hole to the Spider Nest.
 16803 | Lair:3   | Noticed Fannar
 16814 | Lair:3   | Killed Fannar
 16992 | Lair:3   | Reached skill level 15 in Staves
 17235 | Lair:4   | Received a gift from Okawaru
 17498 | Lair:4   | Found a staircase to the Shoals.
 17572 | Lair:4   | Reached skill level 16 in Staves
 17939 | Lair:4   | Found a runed translucent gate.
 17939 | Lair:4   | Found a runed translucent gate.
 17939 | Lair:4   | Found a runed translucent gate.
 17939 | Lair:4   | Noticed Noxiv's ghost (journeyman FoFi)
 18516 | Lair:5   | Found a viscous altar of Jiyva.
 18516 | Lair:5   | Found a staircase to the Slime Pits.
 18571 | Lair:5   | Gained mutation: Your large and strong wings let you fly
                  | indefinitely. [Gargoyle growth]
 18571 | Lair:5   | Reached XP level 14. HP: 90/90 MP: 17/17
 18580 | Lair:5   | Received a gift from Okawaru
 18677 | Lair:5   | Reached skill level 17 in Staves
 19356 | Lair:6   | Entered Level 6 of the Lair of Beasts
 19624 | Lair:6   | Received a gift from Okawaru
 19724 | Lair:6   | Reached skill level 18 in Staves
 20366 | Lair:6   | Received a gift from Okawaru
 20381 | Lair:6   | Got a pair of shimmering boots {god gift}
 20403 | Lair:6   | Identified the +1 pair of boots "Sedooghu" {-Tele Regen+
                  | Str+4 Stlth+} (Okawaru gifted it to you on level 6 of the
                  | Lair of Beasts)
 20613 | Lair:6   | Reached skill level 19 in Staves
 20632 | Lair:6   | Reached XP level 15. HP: 83/95 MP: 17/17
 21380 | Lair:6   | Noticed kosh's ghost (journeyman BaIE)
 21398 | Lair:6   | Found a transporter.
 21438 | Lair:6   | Found a transporter.
 21553 | Lair:4   | Killed Noxiv's ghost
 21556 | Lair:4   | Received a gift from Okawaru
 21575 | Lair:4   | Got a shadowed robe {god gift}
 21586 | Lair:4   | Got a jewelled plate armour
 21588 | Lair:4   | Got a pair of heavily runed gloves
 21601 | Lair:4   | Identified the -2 pair of gloves "Zuemeigu" {Slay+2} (You
                  | found it on level 4 of the Lair of Beasts)
 21611 | Lair:4   | Identified the cursed +0 plate armour of Satisfaction
                  | {Str+4} (You found it on level 4 of the Lair of Beasts)
 21950 | D:12     | Found a staircase to the Orcish Mines.
 21986 | D:12     | Found a roughly hewn altar of Beogh.
 22156 | D:12     | You fall into a shaft and drop 1 floor!
 22173 | D:13     | Reached skill level 20 in Staves
 22281 | D:12     | Found a sacrificial altar of Ru.
 23154 | D:14     | Noticed Azrael
 23165 | D:14     | Killed Azrael
 23229 | D:14     | Found a gate to the Vaults.
 23284 | D:14     | Received a gift from Okawaru
 23445 | D:14     | Found a frozen archway.
 23455 | IceCv    | Entered an ice cave
 23770 | IceCv    | Got jewelled ice dragon scales
 23771 | IceCv    | Identified the +7 ice dragon scales of Rueceila {rF- rC++
                  | rN+} (You found it in an ice cave)
 23980 | D:14     | Reached skill level 21 in Staves
 24306 | D:15     | Entered Level 15 of the Dungeon
 24479 | D:15     | Received a gift from Okawaru
 24495 | D:15     | Noticed Roxanne
 24657 | D:15     | Reached XP level 16. HP: 91/100 MP: 18/18
 25208 | D:15     | Found a staircase to the Depths.
 25619 | Orc:1    | Entered Level 1 of the Orcish Mines
 25619 | Orc:1    | Found Ziulyju's Food Shoppe.
 26207 | Orc:2    | Entered Level 2 of the Orcish Mines
 26244 | Orc:2    | Found a gate leading to a gauntlet.
 26274 | Gauntlet | Entered a Gauntlet
 26274 | Gauntlet | Found a transporter.
 26282 | Gauntlet | Found a transporter.
 26284 | Gauntlet | Found a transporter.
 26293 | Gauntlet | Found a transporter.
 26307 | Gauntlet | Found a transporter.
 26312 | Gauntlet | Found a transporter.
 26333 | Gauntlet | Found a transporter.
 26346 | Gauntlet | Found a transporter.
 26358 | Gauntlet | Found a transporter.
 26370 | Gauntlet | Found a transporter.
 26382 | Gauntlet | Found a transporter.
 26388 | Gauntlet | Found a transporter.
 26388 | Gauntlet | Found a transporter.
 26403 | Gauntlet | Found a transporter.
 26420 | Gauntlet | Found a transporter.
 26440 | Gauntlet | Found a transporter.
 26467 | Gauntlet | Found a transporter.
 26557 | Gauntlet | Found a transporter.
 26739 | Gauntlet | Reached skill level 5 in Dodging
 26849 | Gauntlet | Identified the +1 helmet of the Lonely Places {rC+ MR-
                  | Str+4} (You found it in a Gauntlet)
 26894 | Gauntlet | Identified the cursed +1 hunting sling of Destruction
                  | {speed, +Fly rF+ Str+4 Int+2}
 26894 | Gauntlet | Identified the ring "Cutymnir" {Wiz rElec MR- Str+4}
 26940 | Orc:2    | Received a gift from Okawaru
 27018 | Orc:2    | Found a staircase to the Elven Halls.
 27155 | Orc:2    | Found a roughly hewn altar of Beogh.
 27157 | Orc:2    | Found Yle Hido's Armour Shop.
 27327 | Orc:2    | Found a roughly hewn altar of Beogh.
 27405 | Orc:2    | Found a roughly hewn altar of Beogh.
 27996 | Orc:2    | Found Wofaocue's Antique Armour Boutique.
 27997 | Orc:2    | Found a roughly hewn altar of Beogh.
 27998 | Orc:2    | Found Kysuddia's Antique Weapon Shop.
 28045 | Orc:2    | Found a roughly hewn altar of Beogh.
 28170 | Orc:2    | Found a roughly hewn altar of Beogh.
 28180 | Orc:2    | Found Faodwoz's Magic Scroll Boutique.
 28201 | Orc:2    | Bought a scroll of blinking for 105 gold pieces
 28201 | Orc:2    | Bought a scroll of identify for 28 gold pieces
 28201 | Orc:2    | Bought 3 scrolls of teleportation for 126 gold pieces
 28201 | Orc:2    | Bought a scroll of magic mapping for 49 gold pieces
 28201 | Orc:2    | Bought a scroll of fog for 28 gold pieces
 28201 | Orc:2    | Bought a scroll of teleportation for 42 gold pieces
 28201 | Orc:2    | Bought a scroll of identify for 28 gold pieces
 28201 | Orc:2    | Bought a scroll of teleportation for 42 gold pieces
 28227 | Orc:2    | Found a roughly hewn altar of Beogh.
 28393 | Spider:1 | Entered Level 1 of the Spider Nest
 29166 | Spider:1 | Received a gift from Okawaru
 30188 | Spider:2 | Reached skill level 10 in Dodging
 30217 | Spider:2 | Received a gift from Okawaru
 30234 | Spider:2 | Reached XP level 17. HP: 81/104 MP: 19/19
 30561 | Spider:2 | Received a gift from Okawaru
 30613 | Spider:2 | Blown up by an orb spider

Levels and vault maps discovered:
D:1:      sevenhm_arrival_forest_fort_large_2, layout_loops_ring
D:2:      layout_basic
D:3:      layout_rooms, eat_drink_and_be_merry_uskayaw, uniq_terence
D:4:      layout_gridville, chequers_temple_overflow_statue_of_worship,
          portal_sewer_entry_b, serial_shops, nicolae_shop_trees,
          chequers_serial_rivers_small_3, sigmund_edmund_badplayer
D:5:      layout_cave_pools, kennysheep_mini, lemuel_blue_sif_altar,
          first_ration, serial_shops, shop, ebering_dispersal_statue_hall
D:6:      layout_cave_pools, nicolae_qazlal_style_of_elements, elyvilon_altar_1,
          minmay_temple_entry_trees
D:7:      layout_basic, kiku_gazebo_garden_becter, serial_shops, shop_statue,
          shop, shop, kennysheep_little_box, nicolae_shop_behind_doors,
          grunt_ogre_cave
D:8:      layout_basic
D:9:      layout_basic, nemelex_xobeh_ov_fountains_minmay,
          nicolae_underground_beach
D:10:     layout_loops_ring, enter_bailey_6, uniq_josephine
D:11:     layout_cave_pods, erik_lair_orcish_takeover, introduction_to_nature_2
D:12:     layout_loops_ring, minmay_orc_entry_temple_small, hangedman_ru_absence
D:13:     layout_basic
D:14:     layout_rooms, skrybe_vaults_entry_preservation,
          portal_ice_cave_demonic_guard, minivault_1,
          hangedman_decor_diamond_cutter, uniq_azrael
D:15:     grunt_enter_depths_snipers, layout_irregular_city,
          minmay_misc_feat_columns, uniq_roxanne
Lair:1:   layout_small_grid, minmay_lair_oklob_chamber
Lair:2:   layout_cave_shapes, serial_rivers, chequers_serial_rivers_micro_a,
          chequers_serial_rivers_small_b, chequers_serial_rivers_micro_e,
          chequers_serial_rivers_large_a, chequers_serial_rivers_micro_a,
          serial_bayou_shore_b, infiniplex_staircase_pool, uniq_sonja
Lair:3:   layout_layer_cave, spider_nest_entry_web_field, uniq_fannar
Lair:4:   layout_small_grid, minmay_shoals_entry_centaurs,
          gammafunk_ghost_necromancy, infiniplex_staircase_pool_2
Lair:5:   layout_regular_city, slime_altar_1, serial_bayou_pond_c,
          beast_lair_carwin_1
Lair:6:   minmay_lair_end_frog_pond, layout_gridlike,
          gammafunk_ghost_berserking_beasts, nicolae_lair_grove_arrangements,
          dpeg_oklob_1, serial_bayou_shore_b
Spider:1: layout_spider_delve
Spider:2: layout_spider_delve, minmay_another_anthill
Orc:1:    layout_diamond_mine, serial_shops, nicolae_shop_statue_plus
Orc:2:    grunt_orc_community_town_hall, layout_caves,
          grunt_orc_community_big_house_1, grunt_orc_community_big_house_2,
          grunt_orc_community_house_1, grunt_orc_community_house_3,
          grunt_orc_community_house_2, grunt_orc_community_house_1,
          grunt_orc_community_house_1, grunt_orc_community_house_2,
          gauntlet_entry_generic

Skill      XL: |  1  2  3  4  5  6  7  8  9 10 11 12 13 14 15 16 17 |
---------------+----------------------------------------------------+-----
Throwing       | 2 |  2.0
Staves         | 4 5 6 7 9 11 12 13 14 16 19 21 | 21.2
Invocations    | 3 5 6 |  6.0
Armour         | 3 4 6 8 11 | 11.1
Fighting       | 4 5 7 9 11 | 11.3
Dodging        | 3 10 11 | 11.0
Spellcasting   | 3 |  3.2

Action                   |  1- 3 |  4- 6 |  7- 9 | 10-12 | 13-15 | 16-18 || total
-------------------------+-------+-------+-------+-------+-------+-------++-------
Melee: Quarterstaff      |   126 |   251 |   590 |   981 |   119 |       ||  2067
       Lajatang          |       |       |       |       |  1030 |   834 ||  1864
Throw: Throwing net      |     2 |     3 |       |       |       |     6 ||    11
       Dart              |       |     1 |    19 |       |       |       ||    20
       Boomerang         |       |       |     4 |       |       |       ||     4
       Javelin           |       |       |       |    10 |     6 |    38 ||    54
Invok: Heroism           |       |       |       |    10 |    14 |    11 ||    35
       Finesse           |       |       |       |     1 |     3 |     4 ||     8
 Abil: Fly               |       |       |       |       |       |     1 ||     1
Evoke: Wand              |       |       |       |     7 |     7 |     1 ||    15
  Use: Potion            |       |     6 |     3 |     3 |     1 |       ||    13
       Scroll            |       |     4 |     5 |     6 |    17 |    10 ||    42
 Stab: Paralysed         |       |       |       |     3 |       |       ||     3
       Distracted        |       |       |       |     1 |       |       ||     1
       Held in net/web   |       |       |       |       |       |     1 ||     1
  Eat: Chunk             |     1 |     9 |    15 |    21 |    31 |    18 ||    95
       Ration            |       |       |       |     1 |     1 |       ||     2
Armor: Leather armour    |    33 |       |       |       |       |       ||    33
       Scale mail        |    25 |   118 |    85 |       |       |       ||   228
       Chain mail        |       |       |    73 |   343 |   365 |       ||   781
       Skin              |       |       |     7 |       |       |       ||     7
       Plate armour      |       |       |   132 |   187 |   204 |    11 ||   534
       Ice dragon scales |       |       |       |       |       |   355 ||   355
Dodge: Dodged            |    71 |   139 |   201 |   386 |   400 |   469 ||  1666

Table legend:
 A = Non-vault XP
 B = Vault XP
 C = Vault XP percentage of total XP
 D = Non-vault monster count
 E = Vault monster count
 F = Vault count percentage of total count
                 A         B        C        D         E       F
            +---------+---------+-------+---------+---------+-------
      Total |  139628 |   54094 |  27.9 |     718 |     310 |  30.2
            +---------+---------+-------+---------+---------+-------
        D:1 |      35 |       0 |   0.0 |      22 |       0 |   0.0
        D:2 |      67 |       0 |   0.0 |      20 |       0 |   0.0
        D:3 |     233 |      38 |  14.0 |      30 |       1 |   3.2
        D:4 |     257 |      57 |  18.2 |      16 |       7 |  30.4
        D:5 |     899 |       0 |   0.0 |      34 |       0 |   0.0
        D:6 |    1532 |       0 |   0.0 |      38 |       0 |   0.0
        D:7 |    1468 |     121 |   7.6 |      38 |       1 |   2.6
        D:8 |    1879 |       0 |   0.0 |      18 |       0 |   0.0
        D:9 |    2313 |       0 |   0.0 |      30 |       0 |   0.0
       D:10 |    2015 |    1688 |  45.6 |      16 |       4 |  20.0
       D:11 |    4506 |     835 |  15.6 |      23 |      17 |  42.5
       D:12 |    7169 |     287 |   3.8 |      35 |      12 |  25.5
       D:13 |    3307 |       0 |   0.0 |      20 |       0 |   0.0
       D:14 |    8537 |    6655 |  43.8 |      23 |      19 |  45.2
       D:15 |    7325 |    3001 |  29.1 |      19 |       3 |  13.6
     Lair:1 |    6477 |       0 |   0.0 |      28 |       0 |   0.0
     Lair:2 |    9058 |     795 |   8.1 |      24 |       1 |   4.0
     Lair:3 |    3463 |    1043 |  23.1 |      10 |       1 |   9.1
     Lair:4 |   14149 |    2362 |  14.3 |      42 |      10 |  19.2
     Lair:5 |    4412 |    2087 |  32.1 |      21 |       7 |  25.0
     Lair:6 |   18694 |   13849 |  42.6 |      46 |      50 |  52.1
   Spider:1 |   22390 |       0 |   0.0 |      66 |       0 |   0.0
   Spider:2 |   13977 |    4099 |  22.7 |      48 |      21 |  30.4
      Orc:1 |    3142 |       0 |   0.0 |      30 |       0 |   0.0
      Orc:2 |    1812 |    9726 |  84.3 |      19 |      78 |  80.4
      Sewer |       0 |     160 | 100.0 |       0 |      41 | 100.0
     Bailey |       0 |     325 | 100.0 |       0 |      18 | 100.0
      IceCv |       0 |    3146 | 100.0 |       0 |      11 | 100.0
   Gauntlet |     512 |    3820 |  88.2 |       2 |       8 |  80.0
            +---------+---------+-------+---------+---------+-------
